Map: Ruins of Seras

Players

wabbajack - Winner!

  • Race: Zerg Zerg
  • League: Bronze

Mental

  • Race: Zerg Zerg
  • League: Bronze

VOD

Have the link to the VOD?

Description

Time

  • Played on: July 16, 2015, 3:42 p.m.
  • Length: 7:08
Show
View Real Time Build Order
Export as new Build Order

wabbajack Zerg - Winner!

Build Orders: Hatch First 

Get SALT Encoding   

  12  0:01  Drone  
  13  0:08  Drone  
  14  0:18  Overlord  
  14  0:24  Drone, Extractor  
  15  0:38  Drone x2  
  17  0:55  Hatchery  
  16  0:59  Drone  
  16  1:00  Extractor  
  16  1:02  Drone  
  17  1:08  Drone  
  18  1:21  Spawning Pool  
  17  1:27  Drone  
  17  1:28  Drone  
  19  1:37  Overlord  
  19  2:00  Drone x2  
  21  2:08  Queen  
  21  2:09  Metabolic Boost  
  21  2:10  Queen  
  21  2:13  Drone  
  26  2:16  Drone  
  26  2:20  Drone  
  28  2:23  Drone  
  29  2:42  Drone x2  
  31  2:44  Overlord  
  31  2:50  Roach Warren  
  30  2:54  Overlord  
  30  3:18  Overlord  
  30  3:36  Spine Crawler  
  30  3:39  Roach x6  
  41  3:42  Roach  
  41  3:43  Roach x3  
  49  3:49  Roach  
  49  3:52  Roach  
  53  4:01  Overlord  
  53  4:04  Roach  
  56  4:31  Zergling x6  
  56  4:32  Zergling x20  
  56  4:36  Overlord x2  
  68  4:41  Lair  
  68  4:42  Spine Crawler  
  67  4:50  Queen  
  58  5:32  Ravager  
  55  6:04  Zergling x2  
  55  6:05  Zergling x32  
Show
View Real Time Build Order
Export as new Build Order

Mental Zerg 

Build Orders: Hatch First 

Get SALT Encoding   

  12  0:01  Drone  
  13  0:12  Overlord  
  13  0:18  Drone  
  14  0:31  Drone x2  
  16  0:54  Hatchery  
  15  0:58  Drone x2  
  15  1:00  Drone  
  18  1:16  Spawning Pool  
  17  1:20  Extractor  
  17  1:21  Drone  
  17  1:38  Drone x2  
  19  1:50  Overlord  
  19  1:52  Drone  
  20  2:03  Queen  
  20  2:06  Zergling x2  
  23  2:08  Overlord  
  23  2:13  Queen  
  25  2:17  Drone  
  25  2:18  Drone  
  27  2:25  Zergling x2  
  28  2:31  Metabolic Boost  
  28  2:36  Drone x2  
  31  2:44  Drone  
  31  2:49  Drone  
  32  2:54  Drone  
  32  2:57  Drone  
  34  3:04  Drone  
  36  3:12  Drone  
  36  3:13  Drone x5  
  40  3:27  Overlord x2  
  40  3:28  Overlord  
  40  3:47  Zergling x6  
  40  3:48  Roach Warren, Zergling x4  
  44  3:52  Drone x3, Extractor x2  
  44  3:54  Drone x2  
  47  3:59  Lair  
  47  4:03  Drone  
  47  4:06  Drone x3  
  47  4:07  Drone  
  52  4:21  Drone x3  
  52  4:22  Evolution Chamber  
  54  4:25  Evolution Chamber  
  53  4:38  Roach x3  
  59  4:39  Roach x4  
  66  4:54  Roach  
  66  4:56  Overlord x3  
  64  5:16  Roach  
  64  5:17  Roach x3  
  58  5:22  Roach  
  58  5:27  Roach  
  54  5:33  Roach  
  53  5:36  Roach  
  55  5:45  Roach x2  
  55  5:52  Roach x2  
  55  5:55  Roach x3  
  59  6:02  Roach x2  
  57  6:05  Roach x4  
  61  6:19  Roach x2  
  65  6:30  Roach x2  
  61  6:37  Roach  
  59  6:45  Roach  
  59  6:46  Roach  
Tags
 
Add a new tag
Caveats
  • Supply blocks, unpowered buildings, or Contaminate may cause inaccurate times.
  • Supply counts are checked every 10 seconds.